 Dungeon Crawl Stone Soup version 0.29-a0-1027-gcd8c55af63 (webtiles) character file.

Game seed: 15135651376642747184

25458 ytrimaz the Severer (level 12, -17/89 HPs)
             Began as a Demonspawn Fighter on Aug 12, 2022.
             Was the Champion of Okawaru.
             Demolished by a skeletal warrior
             ... wielding a +0 dire flail
              (22 damage)
             ... on level 13 of the Dungeon.
             The game lasted 00:18:46 (17389 turns).

ytrimaz the Severer (Demonspawn Fighter)           Turns: 17389, Time: 00:18:47

Health: -17/89     AC: 21    Str: 27    XL:     12   Next: 89%
Magic:  16/16      EV:  7    Int: 10    God:    Okawaru [******]
Gold:   668        SH:  4    Dex: 13    Spells: 11/11 levels left

rFire   . . .      SeeInvis .   I - +2 executioner's axe (freeze)
rCold   + . .      Faith    .   (shield currently unavailable)
rNeg    . . .      Spirit   .   L - +0 plate armour
rPois   .          Reflect  .   (helmet restricted)
rElec   .          Harm     .   G - +2 cloak of the Louse {Slay+3}
rCorr   .          Rampage  .   s - +0 pair of gloves
Will    .....                   (no boots)
Stlth   ..........              A - amulet of magic regeneration
HPRegen 0.24/turn               e - ring of protection from cold
MPRegen 0.55/turn               q - +6 ring of strength

@: invisible
A: horns 1, slimy green scales 2, foul stench 1, condensation shield
a: Renounce Religion, Heroism, Finesse, Duel


You were on level 13 of the Dungeon.
You worshipped Okawaru.
Okawaru was exalted by your worship.
You visited 2 branches of the dungeon, and saw 14 of its levels.
You also visited: Sewer and Bailey.

You collected 668 gold pieces.

Inventory:

Hand Weapons
 h - a +0 battleaxe
 t - a +1 hand axe of flaming
 E - a +2 war axe of distortion
 H - a +0 broad axe of flaming
 I - a +2 executioner's axe of freezing (weapon)
 K - a +0 broad axe
 U - a +1 battleaxe of freezing
Missiles
 j - 2 throwing nets
Armour
 b - a +0 scale mail
 c - a +0 buckler
 s - a +0 pair of gloves (worn)
 C - +0 steam dragon scales
 G - the +2 cloak of the Louse (worn) {Slay+3}
   (You acquired it on level 6 of the Dungeon)

   Slay:      It affects your accuracy & damage with ranged weapons and melee
   (+3).
 L - a +0 plate armour (worn)
Jewellery
 a - a ring of protection from fire
 e - a ring of protection from cold (left hand)
 q - a +6 ring of strength (right hand)
 r - a ring of wizardry
 A - an amulet of magic regeneration (around neck)
 N - a ring of ice
 O - a ring of ice
Wands
 n - a wand of flame (6)
 v - a wand of paralysis (2)
 y - a wand of digging (6)
 z - a wand of mindburst (8)
 J - a wand of quicksilver (3)
 Q - a wand of roots (9)
Scrolls
 i - 3 scrolls of poison
 k - 2 scrolls of silence
 p - a scroll of amnesia
 u - 7 scrolls of fog
 w - 6 scrolls of teleportation
 F - a scroll of enchant weapon
 T - a scroll of fear
Potions
 d - 5 potions of degeneration
 f - a potion of flight {unknown}
 g - a potion of cancellation {unknown}
 l - 5 potions of brilliance
 m - 2 potions of berserk rage
 o - 2 potions of magic {unknown}
 B - 8 potions of haste
 D - 3 potions of ambrosia
 M - a potion of attraction {unknown}
 P - a potion of might
 R - a potion of heal wounds
 V - 3 potions of curing
 W - 3 potions of mutation {unknown}


   Skills:
 - Level 6.8 Fighting
 + Level 17.0 Axes
 - Level 7.7 Armour
 - Level 4.0 Shields
 * Level 5.9 Invocations
 - Level 0.7 Evocations


You had 11 spell levels left.
You didn't know any spells.
Your spell library contained the following spells:

 Spells                   Type           Power      Damage    Failure   Level
 Apportation              Tloc           0%         N/A       98%         1
 Magic Dart               Conj           0%         1d3       98%         1
 Sandblast                Erth           0%         2d4       98%         1
 Passwall                 Tmut/Erth      0%         N/A       99%         2
 Gell's Gravitas          Tloc           0%         N/A       100%        3
 Mephitic Cloud           Conj/Pois/Air  0%         N/A       100%        3
 Ozocubu's Armour         Ice            0%         N/A       100%        3
 Stone Arrow              Conj/Erth      0%         3d7       100%        3
 Teleport Other           Tloc           0%         N/A       100%        3
 Alistair's Intoxication  Tmut/Pois      0%         N/A       100%        5
 Freezing Cloud           Conj/Ice/Air   0%         6-21      100%        5
 Metabolic Englaciation   Hex/Ice        0%         N/A       100%        5
 Dispersal                Tloc           0%         N/A       100%        6
 Polar Vortex             Ice            0%         N/A       100%        9
 Call Imp                 Summ           Unusable   N/A       N/A         2
 Simulacrum               Ice/Necr       Unusable   N/A       N/A         6

Dungeon Overview and Level Annotations

Branches:
Dungeon (13/15)            Temple (1/1) D:6            Lair (0/5) D:11
    Orc (0/2) D:10          Sewer (visited)          Bailey (visited)
 Vaults: D:13-14

Altars:
Ashenzari
Cheibriados
Dithmenos
Fedhas
Gozag
Hepliaklqana
Kikubaaqudgha
Makhleb
Nemelex Xobeh
Okawaru
Qazlal
Ru
Sif Muna
Trog
Uskayaw
Vehumet
Wu Jian
Xom
Yredelemnul

Shops:
D:12 *

Annotations:
D:8 1 runed translucent door, garrulousMonolith's ghost, novice GrFi
D:9 1 runed translucent door, Sobieck's ghost, novice VSFi
D:10 3 runed translucent doors, SweetJohnnyV's ghost, journeyman MiBe


Innate Abilities, Weirdness & Mutations

You have a pair of small horns on your head.
You are mostly covered in slimy green scales. (AC +3)
You may rarely emit foul miasma when damaged in melee.
A meltable shield of frost defends you. (SH +4)


Message History

You headbutt the skeletal warrior, but do no damage.
The skeletal warrior is severely damaged.
You completely miss the skeletal warrior.
The skeletal warrior hits you with a +0 glaive!!
The skeletal warrior hits you but does no damage.
You slice the skeletal warrior!! You freeze the skeletal warrior.
You destroy the skeletal warrior!
Okawaru is honoured by your kill.
You slash the skeletal warrior!
The skeletal warrior hits you with a +0 halberd!
* * * LOW HITPOINT WARNING * * *
Unknown command.
You are too injured to fight recklessly!
Unknown command.
You feel much better.
The skeletal warrior hits you with a +0 dire flail.
The skeletal warrior hits you but does no damage.
Unknown command.
You fade into invisibility!
The skeletal warrior hits you with a +0 dire flail.
The skeletal warrior hits you with a +0 halberd!!
* * * LOW HITPOINT WARNING * * *
Unknown command.
Unknown command.
You slice the skeletal warrior!! You freeze the skeletal warrior.
The skeletal warrior is almost destroyed.
You closely miss the skeletal warrior.
The skeletal warrior hits you with a +0 dire flail!
* * * LOW HITPOINT WARNING * * *
The skeletal warrior hits you with a +0 halberd.
* * * LOW HITPOINT WARNING * * *
Unknown command.
You catch the helpless skeletal warrior completely off-guard!
You slice the skeletal warrior like a ripe choko!!!
You freeze the skeletal warrior.
You destroy the skeletal warrior!
Okawaru is honoured by your kill.
You hit the skeletal warrior but do no damage.
The skeletal warrior hits you with a +0 dire flail!!
You die...

######### .........
........#######
...............
...z.z.........
...z...........
########z############
.......@)...........#
....................#
....................#
########.....##.....#
.##.....##.....##
.................#
.................#
.................#
.................#


You could see a skeletal warrior (unable to see you).

Vanquished Creatures
  A vault guard (Bailey)
  A hydra (D:11)
  A centaur warrior (D:13)
  Erica (D:8)
  4 two-headed ogres
  2 skeletal warriors (D:13)
  Pikel (D:6)
  A deep elf pyromancer (D:12)
  2 ugly things
  2 manticores
  3 cyclopes (D:12)
  Maurice (D:8)
  Maggie (D:7)
  A komodo dragon (D:12)
  2 unseen horrors
  A kobold demonologist (D:9)
  3 trolls
  A hornet (D:9)
  Prince Ribbit (Bailey)
  10 slime creatures (D:12)
  A shadow (D:12)
  4 wyverns
  A basilisk (D:11)
  12 yaks
  3 wraiths
  4 steam dragons
  4 humans (Bailey)
  6 vampire mosquitoes
  3 acid dragons
  6 water moccasins
  5 orc warriors
  2 sky beasts
  4 black bears
  An ice beast (D:6)
  4 ogres
  2 wolves (D:11)
  7 centaurs
  5 kobold brigands
  17 bullfrogs
  4 necrophages
  A gnoll sergeant (D:7)
  14 wights
  2 scorpions
  13 killer bees
  2 howler monkeys
  4 orc priests
  4 hounds
  4 gnoll boudas
  An iguana (D:5)
  6 orc wizards
  12 adders
  25 gnolls
  2 river rats (Sewer)
  2 white imps (D:7)
  An ufetubus (D:4)
  3 worms
  A dart slug (D:1)
  32 orcs
  8 ball pythons
  10 endoplasms
  6 giant cockroaches
  14 goblins
  7 hobgoblins
  14 jackals
  31 kobolds
  6 quokkas
  11 bats
  4 frilled lizards
  8 rats
383 creatures vanquished.

Vanquished Creatures (others)
  A gnoll (D:8)
  3 fungi (D:11)
  23 plants (D:11)
  2 withered plants (D:9)
29 creatures vanquished.

Grand Total: 412 creatures vanquished

Notes
Turn   | Place    | Note
-------+----------+-------------------------------------------
     0 | D:1      | ytrimaz the Demonspawn Fighter began the quest for the Orb.
     0 | D:1      | Reached XP level 1. HP: 18/18 MP: 1/1
    87 | D:1      | Reached skill level 2 in Axes
   174 | D:1      | Found a faded altar of an unknown god.
   183 | D:1      | Gained mutation: You have a pair of small horns on your
                  | head. [demonic ancestry]
   183 | D:1      | Reached XP level 2. HP: 23/24 MP: 2/2
   628 | D:1      | Reached XP level 3. HP: 29/29 MP: 3/3
  1226 | D:2      | Reached skill level 3 in Axes
  1373 | D:2      | Gained mutation: You may rarely emit foul miasma when
                  | damaged in melee. [demonic ancestry]
  1373 | D:2      | Reached XP level 4. HP: 28/35 MP: 4/4
  2059 | D:3      | Reached skill level 4 in Axes
  2639 | D:4      | Found a hide-covered altar of Uskayaw.
  2680 | D:4      | Reached XP level 5. HP: 34/41 MP: 5/5
  2769 | D:4      | Noticed an ogre
  2775 | D:4      | Killed an ogre
  2828 | D:4      | Reached skill level 5 in Axes
  2918 | D:4      | Found a large runed translucent door.
  2919 | D:4      | Found a large runed translucent door.
  3039 | D:4      | Reached XP level 6. HP: 44/47 MP: 6/6
  3146 | D:4      | Found an opulent altar of Gozag.
  3149 | D:4      | Found a sacrificial altar of Ru.
  3211 | D:5      | Entered Level 5 of the Dungeon
  3226 | D:5      | Reached skill level 6 in Axes
  3257 | D:5      | Noticed a water moccasin
  3261 | D:5      | Killed a water moccasin
  3262 | D:5      | Gained mutation: A meltable shield of frost defends you.
                  | (SH +4) [demonic ancestry]
  3262 | D:5      | Reached XP level 7. HP: 40/52 MP: 7/7
  3471 | D:5      | Found a glowing drain.
  3514 | D:5      | Reached skill level 7 in Axes
  3521 | Sewer    | Entered a sewer
  4101 | D:5      | Reached skill level 8 in Axes
  4104 | D:5      | Gained mutation: You are partially covered in slimy green
                  | scales. (AC +2) [demonic ancestry]
  4104 | D:5      | Reached XP level 8. HP: 36/58 MP: 8/8
  4152 | D:5      | Reached skill level 9 in Axes
  5366 | D:6      | Reached skill level 10 in Axes
  5729 | D:6      | Found a staircase to the Ecumenical Temple.
  5739 | Temple   | Entered the Ecumenical Temple
  5770 | D:6      | Noticed Pikel
  5787 | D:6      | Killed Pikel
  5788 | D:6      | Reached skill level 11 in Axes
  5788 | D:6      | Gained mutation: You are mostly covered in slimy green
                  | scales. (AC +3) [demonic ancestry]
  5788 | D:6      | Reached XP level 9. HP: 28/63 MP: 9/9
  5968 | Temple   | Became a worshipper of Warmaster Okawaru
  6456 | D:6      | Reached * piety under Okawaru
  6540 | D:6      | Identified the +0 ring mail of Amorality {+Inv rF+ Int+6}
  6871 | D:6      | Reached skill level 12 in Axes
  6969 | D:6      | Identified a scroll of acquirement
  6969 | D:6      | Acquired the +2 cloak of the Louse {Slay+3}
  7005 | D:7      | Noticed Maggie
  7018 | D:7      | Killed Maggie
  7040 | D:7      | Reached ** piety under Okawaru
  7045 | D:7      | Reached XP level 10. HP: 49/70 MP: 10/10
  7046 | D:7      | Reached skill level 13 in Axes
  7297 | D:7      | Found a shimmering altar of Xom.
  7338 | D:7      | Found a flagged portal.
  7346 | Bailey   | Entered a bailey
  7567 | Bailey   | Reached *** piety under Okawaru
  7960 | Bailey   | Noticed a vault guard
  7960 | Bailey   | Noticed Prince Ribbit
  7998 | Bailey   | Killed Prince Ribbit
  7999 | Bailey   | Reached skill level 14 in Axes
  7999 | Bailey   | Killed a vault guard
  8466 | Bailey   | Noticed a vault guard
  8620 | D:7      | Reached **** piety under Okawaru
  9591 | D:8      | Found an ornate altar of the Wu Jian Council.
  9593 | D:8      | Found a bloodstained altar of Trog.
  9598 | D:8      | Found an ancient bone altar of Kikubaaqudgha.
  9599 | D:8      | Found a stormy altar of Qazlal.
  9602 | D:8      | Found a shimmering blue altar of Sif Muna.
  9605 | D:8      | Found a sparkling altar of Nemelex Xobeh.
  9985 | D:8      | Found a runed translucent door.
  9985 | D:8      | Noticed garrulousMonolith's ghost (novice GrFi)
  9988 | D:8      | Noticed Maurice
 10002 | D:8      | Killed Maurice
 10003 | D:8      | Reached XP level 11. HP: 70/78 MP: 11/11
 10204 | D:8      | Reached skill level 5 in Armour
 10390 | D:8      | Noticed Erica
 10405 | D:8      | Killed Erica
 11179 | D:9      | Reached skill level 5 in Fighting
 11232 | D:9      | Paralysed by a hornet for 1 turns
 11233 | D:9      | HP: 3/79 [poisoned by a hornet]
 11234 | D:9      | HP: 1/80 [poisoned by a hornet]
 11294 | D:9      | Reached ***** piety under Okawaru
 11666 | D:9      | Noticed a two-headed ogre
 11680 | D:9      | Killed a two-headed ogre
 11707 | D:9      | You fall into a shaft and drop 2 floors!
 11859 | D:10     | Entered Level 10 of the Dungeon
 12489 | D:9      | Reached skill level 15 in Axes
 12944 | D:9      | Found a runed translucent door.
 12945 | D:9      | Noticed Sobieck's ghost (novice VSFi)
 13374 | D:10     | Noticed a two-headed ogre
 13382 | D:10     | Killed a two-headed ogre
 13382 | D:10     | Received a gift from Okawaru
 13531 | D:10     | Found a staircase to the Orcish Mines.
 13539 | D:10     | Found a runed translucent gate.
 13583 | D:10     | Found a runed translucent gate.
 13593 | D:10     | Found a runed translucent gate.
 13595 | D:10     | Noticed SweetJohnnyV's ghost (journeyman MiBe)
 14011 | D:11     | Noticed a two-headed ogre
 14018 | D:11     | Killed a two-headed ogre
 14154 | D:11     | Reached XP level 12. HP: 77/89 MP: 12/12
 14203 | D:11     | Found a staircase to the Lair.
 14536 | D:11     | Noticed a four-headed hydra
 14541 | D:11     | Killed a one-headed hydra
 14542 | D:11     | Reached skill level 1 in Invocations
 14592 | D:11     | Received a gift from Okawaru
 15148 | D:12     | Reached skill level 16 in Axes
 15799 | D:12     | Found Gozag's Platinum Reserve.
 15970 | D:12     | Reached skill level 5 in Invocations
 16087 | D:12     | Reached ****** piety under Okawaru
 16087 | D:12     | Identified the +4 long sword of Dismemberment {speed, rF-
                  | Int+10} (Okawaru gifted it to you on level 12 of the
                  | Dungeon)
 16087 | D:12     | Received a gift from Okawaru
 16261 | D:12     | Found an opulent altar of Gozag.
 16647 | D:13     | Noticed a two-headed ogre
 16652 | D:13     | Killed a two-headed ogre
 16854 | D:13     | Noticed a centaur warrior
 16864 | D:13     | Killed a centaur warrior
 16865 | D:13     | Reached skill level 17 in Axes
 16948 | D:13     | Noticed a boulder beetle
 17388 | D:13     | HP: 4/89 [skeletal warrior/+0 halberd (1)]
 17389 | D:13     | Demolished by a skeletal warrior

Illustrated notes

Levels and vault maps discovered:
D:1:      nzn_arrival_depleted_hourglass, layout_basic,
          ebering_ecumenical_altar_box, hangedman_decor_points,
          hangedman_decor_clover_reticule
D:2:      layout_rooms
D:3:      layout_basic, minmay_hedge_maze
D:4:      layout_rooms, mainiacjoe_overflow_chevrons, jmf_multi_god_temple2
D:5:      layout_basic, gup_sewer_entry_glass
D:6:      layout_basic, minmay_temple_entry_slanted, minmay_misc_feat_encased,
          uniq_pikel
D:7:      layout_cave_pools, mainiacjoe_overflow_tiny_flanked, enter_bailey_3,
          uniq_maggie
D:8:      layout_loops_corners, minitemple, hellmonk_ghost_happy_afterlife,
          uniq_erica, uniq_maurice
D:9:      minmay_recursive_quarters, layout_irregular_city,
          gammafunk_ghost_grave, solitary_fountain
D:10:     layout_long_grid, orc_0_dummy, ebering_ghost_rock_garden
D:11:     layout_roguey, minmay_lair_entry_grove
D:12:     layout_stronghold, gauntlet_entry_generic,
          nicolae_gozag_zags_fifth_avenue
D:13:     layout_stronghold, grunt_vaults_entry_fortified
Temple:   nicolae_temple_no_exploring_needed

Skill      XL: |  1  2  3  4  5  6  7  8  9 10 11 12 |
---------------+-------------------------------------+-----
Axes           | 2 3 4 5 6 8 11 12 14 15 17 | 17.0
Shields        | 3 4 |  4.0
Armour         | 4 7 |  7.7
Fighting       | 4 6 |  6.8
Invocations    | 5 |  5.9
Evocations     | |  0.7

Action                   |  1- 3 |  4- 6 |  7- 9 | 10-12 || total
-------------------------+-------+-------+-------+-------++-------
Melee: War axe           |   133 |    78 |       |       ||   211
       Headbutt          |    11 |    21 |    63 |   122 ||   217
       Hand axe          |       |    29 |   291 |   284 ||   604
       Broad axe         |       |       |       |   231 ||   231
       Battleaxe         |       |       |       |    73 ||    73
       Executioner's axe |       |       |       |    31 ||    31
Invok: Heroism           |       |       |       |     2 ||     2
Evoke: Wand              |       |       |       |     5 ||     5
  Use: Scroll            |     4 |     6 |     5 |     7 ||    22
       Potion            |       |       |     4 |    15 ||    19
 Stab: Invisible         |       |       |    13 |     4 ||    17
Armor: Scale mail        |    64 |    46 |    78 |    32 ||   220
       Plate armour      |       |       |       |   309 ||   309
       Skin              |       |       |       |     4 ||     4
Dodge: Dodged            |    79 |    45 |   106 |   175 ||   405
Block: Buckler           |    34 |    19 |   106 |   207 ||   366
       Other             |       |       |       |    17 ||    17

Table legend: (Time is in decaauts)
 A = Elapsed time spent in this place.
 B = Non-inter-level travel time spent in this place.
 C = Inter-level travel time spent in this place.
 D = Time resting spent in this place.
 E = Time spent auto-exploring this place.
 F = Levels seen in this place.
 G = Mean time per level.
                   A        B        C        D        E       F      G
               +--------+--------+--------+--------+--------+-----+--------+
         Total |  17382 |  16982 |    400 |   3893 |  10377 |  16 | 1086.4 |
       Dungeon |  15527 |  15143 |    384 |   2931 |   9876 |  13 | 1194.4 |
        Temple |    168 |    152 |     16 |    144 |      0 |   1 |  168.0 |
         Sewer |    586 |    586 |      0 |      3 |    417 |   1 |  586.0 |
        Bailey |   1101 |   1101 |      0 |    815 |     84 |   1 | 1101.0 |
               +--------+--------+--------+--------+--------+-----+--------+

Top non-repeatable levels by time:
     D:9: 1993 daAuts
    D:12: 1686 daAuts
     D:6: 1656 daAuts
     D:8: 1337 daAuts
     D:7: 1250 daAuts
  Bailey: 1101 daAuts
     D:5: 1085 daAuts
    D:11: 1069 daAuts
    D:10: 1058 daAuts
     D:1: 1032 daAuts
     D:3: 1025 daAuts
     D:4: 937 daAuts
    D:13: 753 daAuts
     D:2: 642 daAuts
   Sewer: 586 daAuts
